Map: Magma Mines

Players

Musumeci

  • Race: Zerg Zerg
  • League: Diamond
  • Spawn Location: 1:00

MichyMoko

  • Race: Zerg Zerg
  • Spawn Location: 3:00

ABTOHOM - Winner!

  • Race: Zerg Zerg
  • Spawn Location: 11:00

Манекенщик - Winner!

  • Race: Terran Terran
  • League: Platinum
  • Spawn Location: 9:00

VOD

Have the link to the VOD?

Description

Time

  • Played on: March 26, 2017, 11:26 a.m.
  • Length: 8:07
Show
View Real Time Build Order
Export as new Build Order

Musumeci Zerg 

Build Orders: Hatch First 

Get SALT Encoding   

  12  0:01  Drone  
  13  0:08  Drone  
  14  0:18  Drone, Extractor  
  15  0:22  Overlord  
  15  0:40  Drone x2  
  17  0:58  Hatchery  
  16  1:14  Spawning Pool, Extractor  
  16  1:15  Drone  
  15  1:20  Drone  
  16  1:30  Drone x2  
  18  1:37  Drone  
  18  1:47  Drone  
  19  1:58  Overlord  
  19  2:02  Queen  
  21  2:09  Queen  
  21  2:14  Drone  
  24  2:19  Metabolic Boost  
  24  2:22  Drone  
  25  2:24  Zergling x2  
  25  2:27  Drone  
  27  2:30  Drone  
  27  2:33  Drone  
  29  2:43  Queen  
  31  2:49  Drone  
  32  2:54  Baneling Nest  
  32  2:58  Overlord  
  31  3:24  Drone  
  31  3:25  Drone x9  
  40  3:43  Zergling x2  
  40  3:44  Zergling x4  
  43  3:50  Overlord  
  43  3:51  Overlord  
  43  3:52  Overlord  
  43  3:58  Lair  
  43  3:59  Extractor  
  42  4:07  Zergling x2  
  43  4:14  Drone  
  43  4:15  Drone x2  
  46  4:18  Baneling x2  
  46  4:20  Baneling  
  44  4:39  Zergling x2  
  44  4:40  Zergling x4  
  46  4:58  Roach Warren  
  45  5:01  Overlord x3  
  45  5:08  Extractor  
  44  5:19  Drone x6  
  50  5:25  Extractor  
  47  5:43  Zergling x2  
  47  5:44  Zergling x12  
  52  6:01  Spore Crawler x2  
  52  6:02  Spore Crawler  
  52  6:03  Spore Crawler  
  34  6:05  Spore Crawler  
  34  6:07  Queen x2  
  37  6:14  Baneling x4  
  37  6:15  Baneling x6  
  37  6:17  Baneling x8  
  37  6:30  Spore Crawler  
  37  6:32  Spore Crawler  
  26  6:49  Zergling x4  
  26  6:50  Zergling x12  
  34  6:59  Queen x2  
  36  7:21  Zergling x6  
  36  7:22  Zergling x12  
  45  7:24  Baneling x10  
Show
View Real Time Build Order
Export as new Build Order

MichyMoko Zerg 

Build Orders: Hatch First, Zergling Baneling 

Get SALT Encoding   

  12  0:01  Drone  
  13  0:12  Overlord  
  13  0:22  Drone  
  14  0:30  Drone x2  
  14  0:34  Drone  
  17  0:54  Hatchery  
  16  1:10  Drone x2  
  18  1:15  Spawning Pool  
  18  1:18  Extractor  
  16  1:20  Drone  
  17  1:28  Drone  
  17  1:32  Drone  
  19  1:50  Drone  
  20  2:05  Queen  
  20  2:07  Queen  
  24  2:09  Drone, Zergling x4  
  27  2:18  Drone  
  27  2:19  Overlord  
  28  2:25  Extractor  
  27  2:30  Drone  
  28  2:39  Drone  
  28  2:40  Drone x2  
  28  2:41  Metabolic Boost  
  31  2:53  Queen  
  33  2:58  Baneling Nest  
  33  3:01  Drone, Overlord  
  33  3:02  Drone x2  
  35  3:28  Zergling x4  
  35  3:29  Zergling x8  
  35  3:31  Overlord  
  35  3:32  Drone x2  
  41  3:49  Baneling x2  
  41  3:51  Baneling  
  41  3:53  Baneling  
  41  4:07  Baneling  
  41  4:09  Overlord  
  41  4:11  Drone x4  
  41  4:12  Zergling x6  
  41  4:14  Lair  
  48  4:24  Extractor  
  47  4:25  Drone x4, Extractor  
  47  4:26  Drone  
  47  4:27  Overlord x2  
  51  4:46  Drone x3  
  51  4:47  Zergling x4  
  51  4:51  Baneling x3  
  51  4:52  Baneling  
  56  4:57  Drone x3  
  59  5:00  Hatchery  
  58  5:14  Spire  
  57  5:32  Zergling x4  
  57  5:33  Zergling x4, Overlord  
  57  5:34  Drone x3  
  60  5:51  Zergling x2  
  60  5:52  Zergling x10  
  65  6:01  Spore Crawler  
  65  6:03  Spore Crawler  
  63  6:06  Spore Crawler x2  
  63  6:08  Spore Crawler  
  53  6:20  Baneling  
  53  6:21  Baneling x6  
  53  6:22  Baneling x5  
  51  6:29  Spore Crawler  
Show
View Real Time Build Order
Export as new Build Order

ABTOHOM Zerg - Winner!

Build Orders: Hatch First 

Get SALT Encoding   

  12  0:01  Drone  
  13  0:08  Drone  
  14  0:22  Overlord  
  14  0:45  Hatchery  
  14  0:46  Drone  
  14  0:48  Drone  
  15  0:52  Drone  
  16  1:05  Drone  
  17  1:19  Drone x2  
  17  1:23  Spawning Pool  
  17  1:25  Extractor  
  17  1:42  Drone x2  
  19  2:03  Drone x2  
  21  2:12  Queen  
  21  2:13  Queen  
  21  2:14  Drone  
  21  2:15  Drone x2  
  28  2:17  Extractor  
  27  2:25  Extractor  
  26  2:35  Drone x2  
  28  2:42  Overlord x2  
  28  2:53  Lair  
  28  3:04  Drone  
  28  3:05  Drone x4  
  33  3:27  Drone  
  33  3:28  Drone x4  
  33  3:29  Drone x2  
  33  3:30  Drone  
  41  3:34  Overlord  
  41  3:46  Extractor  
  40  3:55  Spire  
  39  3:58  Drone x2  
  39  3:59  Drone x2  
  39  4:00  Drone  
  39  4:02  Overlord x3  
  44  5:08  Mutalisk  
  44  5:09  Mutalisk x14  
  74  5:16  Mutalisk  
  74  5:18  Overlord x2  
  76  5:23  Zerg Flyer Weapons Level 1  
  76  6:45  Mutalisk  
  76  6:46  Mutalisk x7  
Show
View Real Time Build Order
Export as new Build Order

Манекенщик Terran - Winner!

Build Orders:  

Get SALT Encoding   

  12  0:00  SCV  
  13  0:13  SCV  
  14  0:20  Supply Depot  
  14  0:27  SCV  
  15  0:42  SCV  
  16  0:43  Barracks  
  16  0:56  Supply Depot  
  16  1:13  SCV  
  17  1:25  SCV  
  18  1:30  Marine  
  19  1:40  Command Center  
  19  1:49  Refinery  
  19  1:50  Refinery  
  19  1:52  Marine  
  20  2:03  Orbital Command  
  20  2:10  Marine  
  21  2:28  SCV  
  21  2:38  Marine  
  22  2:45  Factory  
  22  2:49  Barracks  
  22  2:56  Marine  
  23  3:14  Marine  
  23  3:21  Orbital Command  
  23  3:22  SCV  
  24  3:32  Marine  
  25  3:36  SCV  
  25  3:37  Marine  
  27  3:46  Factory Tech Lab  
  27  3:47  Factory Reactor  
  27  3:48  SCV  
  27  3:49  Marine  
  27  3:52  Factory  
  29  4:01  Bunker, SCV  
  30  4:05  SCV  
  31  4:13  SCV  
  31  4:16  Barracks Reactor  
  32  4:17  SCV  
  33  4:25  SCV  
  34  4:38  SCV x2  
  36  4:50  SCV x2, Marine  
  38  5:03  SCV x2  
  40  5:08  Widow Mine x2, Marine  
  40  5:12  Marine  
  46  5:19  Factory Tech Lab  
  46  5:33  Supply Depot  
  46  5:46  Marine x3  
  45  5:50  Widow Mine  
  45  5:51  Widow Mine  
  37  6:04  Marine x3  
  39  6:17  SCV  
  40  6:19  Siege Tank  
  40  6:20  Widow Mine x2  
  40  6:22  Marine x3  
  50  6:29  SCV  
  50  6:30  Barracks  
  51  6:34  Orbital Command  
  47  7:07  Marine  
  46  7:10  SCV  
  46  7:11  Widow Mine, Marine x2  
  46  7:24  Barracks Reactor  
  46  7:27  Barracks  
  46  7:32  Supply Depot  
  46  7:37  Supply Depot  
  46  7:43  Armory  
  46  7:54  SCV x2  
  46  7:55  Supply Depot  
  52  8:00  Supply Depot  
Tags
 
Add a new tag
Caveats
  • Supply blocks, unpowered buildings, or Contaminate may cause inaccurate times.
  • Supply counts are checked every 10 seconds.